 Dungeon Crawl Stone Soup version 0.29.1-12-g30fa7ad0bf (webtiles) character file.

Game seed: 915645536504047917

591 ThatPearl the Trooper (level 7, -3/51 (59) HPs)
             Began as a Demonspawn Berserker on Jan 12, 2023.
             Was a Believer of Trog.
             Slain by a wight
             ... wielding a +5 dire flail
              (6 damage)
             ... on level 5 of the Dungeon.
             The game lasted 00:10:39 (4498 turns).

ThatPearl the Trooper (Demonspawn Berserker)        Turns: 4498, Time: 00:10:40

HP:   -3/51 (59)    AC:  9    Str: 20    XL:     7   Next: 16%
MP:   7/7           EV: 11    Int:  8    God:    Trog [**....]
Gold: 307           SH:  0    Dex: 12    Spells: 6/6 levels left

rFire   . . .      SeeInvis .   x - +3 hand axe
rCold   . . .      Faith    .   (no shield)
rNeg    . . .      Spirit   .   k - +0 troll leather armour {Pargi}
rPois   .          Reflect  .   (helmet restricted)
rElec   .          Harm     .   t - +0 cloak
rCorr   .          Rampage  .   v - +0 pair of gloves
Will    .....                   h - +1 pair of boots
Stlth   +.........              (no amulet)
HPRegen 0.97/turn               (no ring)
MPRegen 0.10/turn               (no ring)

@: heavily drained
A: horns 1, rugged brown scales 1, demonic magic 2
a: Renounce Religion, Berserk, Trog's Hand


You were on level 5 of the Dungeon.
You worshipped Trog.
Trog was pleased with you.
You visited 1 branch of the dungeon, and saw 5 of its levels.

You collected 307 gold pieces.

Inventory:

Hand Weapons
 e - a +0 glaive
 m - a +2 dagger of venom
 x - a +3 hand axe (weapon)
Missiles
 d - 76 stones (quivered)
 l - a throwing net
Armour
 f - a +0 helmet
 h - a +1 pair of boots (worn)
 k - a +0 troll leather armour (worn) {Pargi}
 t - a +0 cloak (worn)
 v - a +0 pair of gloves (worn)
Jewellery
 o - a ring of fire
Scrolls
 c - 10 scrolls of identify {unknown}
 i - a scroll of vulnerability {unknown}
 n - a scroll of summoning {unknown}
 q - a scroll of enchant weapon {unknown}
 r - a scroll of enchant armour {unknown}
 s - a scroll of teleportation {unknown}
 w - a scroll of immolation {unknown}
Potions
 b - 2 potions of resistance {unknown}
 g - 2 potions of magic {unknown}
 j - a potion of lignification {unknown}
 p - a potion of flight {unknown}
 u - a potion of heal wounds {unknown}


   Skills:
 + Level 6.2 Fighting
 + Level 5.6 Axes
 - Level 1.7 Armour
 - Level 1.7 Dodging


You had 6 spell levels left.
You didn't know any spells.
Your spell library was empty.

Dungeon Overview and Level Annotations

Branches:
Dungeon (5/15)
 Temple: D:4-7

Altars:
Ashenzari

Annotations:
D:4 Grinder, Ijyb, Pikel


Innate Abilities, Weirdness & Mutations

You have a pair of small horns on your head.
You are partially covered in rugged brown scales. (AC +1, +3% HP)
Spells you cast may paralyse nearby enemies.


Message History

You recover from your berserk rage. 2 wights come into view.
The wight hits you with a +0 hand axe.
You feel drained.
You barely miss the wight. You headbutt the wight.
The wight is heavily damaged.
The wight barely misses you.
You completely miss the wight.
The wight is heavily damaged.
You hit the wight.
The wight is almost destroyed.
You barely miss the wight. The wight barely misses you.
You barely miss the wight. Your headbutt misses the wight.
The wight is almost destroyed.
You hit the wight. The wight closely misses you.
The wight hits you with a +5 hand axe.
You hit the wight.
You destroy the wight!
Trog accepts your kill.
You hit the wight but do no damage. The wight hits you with a +5 hand axe!
You closely miss the wight. Your headbutt misses the wight.
You barely miss the wight.
The wight hits you with a +5 dire flail!
The wight misses you.
You hit the wight. You headbutt the wight.
The wight is moderately damaged.
You hit the wight.
The wight hits you with a +5 dire flail!
You feel drained. The wight barely misses you.
You hit the wight.
The wight is heavily damaged.
You hit the wight. The wight misses you. The wight hits you with a +5 hand axe.
You hit the wight.
The wight is severely damaged.
You slash the wight!
You destroy the wight!
Trog accepts your kill.
The wight hits you with a +5 dire flail!
* * * LOW HITPOINT WARNING * * *
You feel drained.
You die...

##...........8...._≈≈....##
#.............≈≈≈≈§§....#
#...........≈≈§≈≈≈§...#.#
#..<.............§§..##..#
#............######§.###.#
#.............. #### ..
####......####. .
#..!....).# ...##.....@#
........#.)z......
....############## ... ..


You could see a wight.

Vanquished Creatures
  Pargi (D:3)
  A scorpion (D:4)
  3 wights (D:5)
  Dowan (D:4)
  A howler monkey (D:4)
  4 iguanas
  Natasha (twice) (D:4)
  4 adders
  A dart slug (D:3)
  2 orcs (D:5)
  5 bats
  4 endoplasms (D:1)
  6 giant cockroaches
  4 goblins
  8 hobgoblins
  10 quokkas
  4 ball pythons
  2 frilled lizards
  9 kobolds
  9 rats
81 creatures vanquished.

Notes
Turn   | Place    | Note
-------+----------+-------------------------------------------
     0 | D:1      | ThatPearl the Demonspawn Berserker began the quest for the
                  | Orb.
     0 | D:1      | Reached XP level 1. HP: 18/18 MP: 1/1
   391 | D:1      | Gained mutation: You are partially covered in rugged brown
                  | scales. (AC +1, +3% HP) [demonic ancestry]
   391 | D:1      | Reached XP level 2. HP: 14/24 MP: 2/2
  1013 | D:1      | Found a faded altar of an unknown god.
  1341 | D:1      | Gained mutation: Spells you cast may paralyse adjacent
                  | enemies. [demonic ancestry]
  1341 | D:1      | Reached XP level 3. HP: 23/30 MP: 3/3
  2016 | D:2      | Reached ** piety under Trog
  2149 | D:3      | Noticed Pargi
  2154 | D:3      | Killed Pargi
  2155 | D:3      | Reached skill level 4 in Fighting
  2155 | D:3      | Gained mutation: Spells you cast may paralyse nearby
                  | enemies. [demonic ancestry]
  2155 | D:3      | Reached XP level 4. HP: 39/39 MP: 4/4
  2254 | D:3      | Reached XP level 5. HP: 42/44 MP: 5/5
  3062 | D:4      | Reached skill level 5 in Fighting
  3089 | D:4      | Noticed Dowan
  3120 | D:4      | Killed Dowan
  3121 | D:4      | Gained mutation: You have a pair of small horns on your
                  | head. [demonic ancestry]
  3121 | D:4      | Reached XP level 6. HP: 45/52 MP: 6/6
  3282 | D:4      | Reached skill level 5 in Axes
  3638 | D:4      | Noticed Natasha
  3651 | D:4      | Killed Natasha
  4014 | D:4      | Noticed Natasha
  4023 | D:4      | Killed Natasha
  4102 | D:4      | Noticed Pikel
  4110 | D:4      | Noticed Grinder
  4119 | D:4      | Noticed Ijyb
  4171 | D:5      | Entered Level 5 of the Dungeon
  4174 | D:5      | Found a broken altar of Ashenzari.
  4453 | D:5      | Reached skill level 6 in Fighting
  4453 | D:5      | Reached XP level 7. HP: 19/54 MP: 7/7
  4498 | D:5      | Slain by a wight

Illustrated notes

Levels and vault maps discovered:
D:1:      saegor_arrival_simple_a, layout_loops_ring,
          shapermc_ecumenical_altar_petra, chequers_serial_rivers_small_3
D:2:      layout_rooms
D:3:      layout_basic, uniq_pargi
D:4:      layout_layer_cave, nicolae_overflow_hidden_temple,
          chequers_serial_rivers_small_b, uniq_grinder, uniq_duvessa, uniq_ijyb,
          uniq_pikel, uniq_natasha
D:5:      layout_rooms, mainiacjoe_overflow_catwalk, nzn_hepliaklqana_mist_gate,
          kennysheep_dice

Skill      XL: |  1  2  3  4  5  6 |
---------------+-------------------+-----
Axes           | 3 4 5 |  5.6
Fighting       | 4 5 6 |  6.2
Armour         | |  1.7
Dodging        | |  1.7

Action                   |  1- 3 |  4- 6 |  7- 9 || total
-------------------------+-------+-------+-------++-------
Melee: Hand axe          |   140 |   194 |     9 ||   343
       Glaive            |     5 |       |       ||     5
       Punch             |     3 |     1 |       ||     4
       Headbutt          |       |    15 |     2 ||    17
       Dagger            |       |    15 |       ||    15
Invok: Berserk           |     1 |     2 |       ||     3
 Stab: Sleeping          |       |     1 |       ||     1
Armor: Animal skin       |    16 |       |       ||    16
       Ring mail         |    45 |       |       ||    45
       Troll leather arm |       |    84 |       ||    84
Dodge: Dodged            |   107 |    99 |     6 ||   212
